 Dungeon Crawl Stone Soup version 0.22-a0-362-g535178c (webtiles) character file.

148 Amnesiac the Grave Robber (level 5, -1/38 HPs)
             Began as a Mummy Necromancer on Apr 20, 2018.
             Was an Initiate of Gozag.
             Slain by a rat (3 damage)
             ... in a sewer.
             The game lasted 00:03:23 (2461 turns).

Amnesiac the Grave Robber (Mummy Necromancer)       Turns: 2461, Time: 00:03:24

Health: -1/38      AC:  5    Str: 11    XL:     5   Next: 8%
Magic:  0/9        EV: 14    Int: 15    God:    Gozag
Gold:   462        SH:  0    Dex: 13    Spells: 6/10 levels left

rFire    x . .     SeeInvis .   a - +0 hunting sling
rCold    + . .     Gourm    .   (no shield)
rNeg     + + +     Faith    .   i - +0 ring mail
rPois    ∞         Spirit   .   (no helmet)
rElec    .         Reflect  .   (no cloak)
rCorr    .         Harm     .   (no gloves)
MR       .....                  (no boots)
Stlth    +.........             (no amulet)
HPRegen  0.12/turn              h - +3 ring of evasion
MPRegen  0.11/turn              (no ring)

@: very slightly contaminated
A: no food or potions, fire vulnerability, cold resistance 1, negative energy
resistance 3, torment resistance, unbreathing
a: Potion Petition, Call Merchant, Bribe Branch, Renounce Religion


You were in a sewer.
You worshipped Gozag.
Gozag was aware of your devotion.
You were not hungry.

You visited 1 branch of the dungeon, and saw 3 of its levels.
You also visited: Sewer.

You collected 495 gold pieces.
You paid 33 gold pieces to Gozag.

Inventory:

Hand Weapons
 a - a +0 hunting sling (weapon)
Missiles
 c - 7 stones (quivered)
 d - 11 sling bullets
Armour
 i - a +0 ring mail (worn)
 m - a +0 shield
Jewellery
 h - a +3 ring of evasion (left hand)
Scrolls
 b - 2 scrolls of fog {!r, unknown}
 e - 2 scrolls of remove curse {!r, unknown}
 f - 3 scrolls of teleportation {!r, unknown}
 g - a scroll of magic mapping {!r, unknown}
 j - a scroll of amnesia {!r, unknown}
 k - 2 scrolls of identify {!r, unknown}
 n - a scroll of fear {!r, unknown}
 o - a scroll of enchant armour {!r, unknown}


   Skills:
 + Level 2.0 Fighting
 * Level 3.2 Dodging
 - Level 1.5 Stealth
 - Level 3.0 Spellcasting
 + Level 4.6 Necromancy


You had 6 spell levels left.
You knew the following spells:

 Your Spells              Type           Power        Failure   Level  Hunger
a - Pain                  Necr           ###.         8%          1    N/A
d - Vampiric Draining     Necr           ###.......   22%         3    N/A

Dungeon Overview and Level Annotations

Branches:
Dungeon (3/15)

Altars:
Elyvilon
Gozag

Annotations:
D:3 zero's ghost, weakling DEWz


Innate Abilities, Weirdness & Mutations

You do not eat or drink.
Your flesh is vulnerable to fire.
You are immune to poison.
Your flesh is cold resistant. (rC+)
You are immune to negative energy. (rN+++)
You are immune to unholy pain and torment.
You can survive without breathing.


Message History

The river rat bites you but does no damage.
The rat closely misses you.
The rat splashes around in the water.
Firing (i - inventory. (/) - cycle)
c - 11 stones (quivered)
Press: ? - help, Shift-Dir - straight line, f/p - river rat
Aim: a river rat (heavily wounded)
You shoot a stone. The stone hits the river rat.
The river rat is heavily wounded.
You hear a splash.
The river rat twitches its whiskers.
The river rat bites you.
* * * LOW HITPOINT WARNING * * *
The rat splashes around in the water.
The rat bites you but does no damage.
Firing (i - inventory. (/) - cycle)
c - 10 stones (quivered)
Press: ? - help, Shift-Dir - straight line, f/p - river rat
Aim: a river rat (heavily wounded)
You shoot a stone. The stone barely misses the river rat.
You hear a splash.
The river rat barely misses you. The rat closely misses you.
The rat splashes around in the water.
The river rat misses you. The rat bites you but does no damage.
Firing (i - inventory. (/) - cycle)
c - 9 stones (quivered)
Press: ? - help, Shift-Dir - straight line, f/p - river rat
Aim: a river rat (heavily wounded)
You shoot a stone. The stone closely misses the river rat.
You hear a splash.
The rat splashes around in the water.
The river rat bites you.
* * * LOW HITPOINT WARNING * * *
The rat barely misses you.
Firing (i - inventory. (/) - cycle)
c - 8 stones (quivered)
Press: ? - help, Shift-Dir - straight line, f/p - river rat
Aim: a river rat (heavily wounded)
You shoot a stone. The stone barely misses the river rat.
The rat bites you but does no damage. The river rat misses you.
The rat bites you but does no damage.
Casting: Vampiric Draining (safe; 22% risk of failure)
Confirm with . or Enter, or press ? or * to list all spells.
Aiming: Vampiric Draining (safe; 22% risk of failure)
Press: ? - help, Shift-Dir - straight line, f/p - river rat
Aim: a river rat (heavily wounded)
You miscast Vampiric Draining.
You are very lightly contaminated with residual magic.
You sense a malignant aura.
The rat closely misses you. The river rat closely misses you.
The rat bites you.
* * * LOW HITPOINT WARNING * * *
Casting: Vampiric Draining (safe; 22% risk of failure)
Confirm with . or Enter, or press ? or * to list all spells.
Aiming: Vampiric Draining (safe; 22% risk of failure)
Press: ? - help, Shift-Dir - straight line, f/p - river rat
Aim: a river rat (heavily wounded)
You miscast Vampiric Draining.
Nothing appears to happen.
The rat barely misses you. The river rat bites you.
* * * LOW HITPOINT WARNING * * *
The rat misses you.
Casting: Vampiric Draining (safe; 22% risk of failure)
Confirm with . or Enter, or press ? or * to list all spells.
Aiming: Vampiric Draining (safe; 22% risk of failure)
Press: ? - help, Shift-Dir - straight line, f/p - river rat
Aim: a river rat (heavily wounded)
You miscast Vampiric Draining.
Your bandages flutter.
The rat closely misses you. The river rat bites you!
* * * LOW HITPOINT WARNING * * *
The rat bites you.
You die...
Your body crumbles into a pile of gold.

#...##### #....'..#
#....#..# ##...####
#....###################
#......≈≈≈≈≈≈≈≈≈≈≈≈≈≈≈..
#.....≈≈≈≈≈≈≈≈≈≈≈≈≈≈≈≈≈.
#.....≈≈≈≈≈≈≈≈≈.r≈≈≈≈≈≈.
##....≈≈≈≈≈≈≈≈≈@r≈≈≈≈≈(.
##...≈≈≈≈≈≈≈≈≈≈r≈≈≈≈≈≈.
###.#≈≈≈≈≈≈≈≈≈≈≈≈≈≈≈#.
###################


You could see a river rat and 2 rats.

Vanquished Creatures
  3 gnolls (D:2)
  4 adders
  2 river rats
  A worm (D:2)
  A dart slug (D:2)
  3 leopard geckos
  4 bats (D:2)
  3 giant cockroaches
  6 goblins
  2 hobgoblins (D:2)
  7 jackals
  5 ball pythons
  3 frilled lizards (D:2)
  3 kobolds
  17 rats
64 creatures vanquished.

Notes
Turn   | Place    | Note
-------+----------+-------------------------------------------
     0 | D:1      | Amnesiac the Mummy Necromancer began the quest for the Orb.
     0 | D:1      | Reached XP level 1. HP: 13/13 MP: 4/4
   239 | D:2      | Found an opulent altar of Gozag.
   269 | D:2      | Became a worshipper of Gozag Ym Sagoz the Greedy
   383 | D:1      | Reached XP level 2. HP: 20/20 MP: 3/5
  1113 | D:2      | Reached skill level 1 in Fighting
  1128 | D:2      | Reached XP level 3. HP: 26/26 MP: 0/7
  1133 | D:2      | Learned a level 3 spell: Vampiric Draining
  1581 | D:2      | Reached XP level 4. HP: 25/32 MP: 8/8
  1812 | D:2      | Found a white marble altar of Elyvilon.
  1892 | D:3      | Noticed zero's ghost (weakling DEWz)
  1920 | D:3      | Found a glowing drain.
  1927 | Sewer    | Entered a sewer
  2275 | Sewer    | Reached XP level 5. HP: 35/38 MP: 9/9
  2461 | Sewer    | Slain by a rat

Vault maps used:
D:1:      dpeg_arrival_simpleton_a
D:2:      grunt_gozag_breadcrumbs, marbit_many_paths, first_ration,
          hangedman_decor_slide_cut, serial_park_tiny_1
D:3:      gup_sewer_entry_bowl
Sewer:    sewer_minmay_w

Skill      XL: |  1  2  3  4 |
---------------+-------------+-----
Dodging        | 2 3 |  3.2
Spellcasting   | 3 |  3.0
Fighting       | 1 2 |  2.0
Stealth        | |  1.5
Necromancy     | |  4.6

Action                   |  1- 3 |  4- 6 || total
-------------------------+-------+-------++-------
Melee: Unarmed           |    33 |    12 ||    45
 Fire: Hunting sling     |     6 |    99 ||   105
 Cast: Pain              |    64 |       ||    64
       Vampiric Draining |     1 |     2 ||     3
Armor: Robe              |    12 |       ||    12
       Ring mail         |       |    46 ||    46
Dodge: Dodged            |    46 |    94 ||   140

Table legend:
 A = Spawn XP
 B = Non-spawn XP
 C = Spawn XP percentage of total XP
 D = Spawn monster count
 E = Non-spawn monster count
 F = Spawn count percentage of total count
 G = Total turns spent on level
                    A         B        C        D         E        F      G
               +---------+---------+-------+---------+---------+-------+---------
         Total |       0 |     212 |   0.0 |       0 |      64 |   0.0 |  2461
               +---------+---------+-------+---------+---------+-------+---------
           D:1 |       0 |      19 |   0.0 |       0 |      10 |   0.0 |   754
           D:2 |       0 |     113 |   0.0 |       0 |      28 |   0.0 |  1112
           D:3 |       0 |      21 |   0.0 |       0 |       5 |   0.0 |    61
         Sewer |       0 |      59 |   0.0 |       0 |      21 |   0.0 |   534
               +---------+---------+-------+---------+---------+-------+---------
